 Dungeon Crawl Stone Soup version 0.22-a0-433-gd2a9cce (webtiles) character file.

58 Borgoz the Skirmisher (level 4, -1/38 HPs)
             Began as a Ghoul Abyssal Knight on May 27, 2018.
             Was a Follower of Lugonu.
             Slain by Gorglomux's ghost (3 damage)
             ... on level 3 of the Dungeon.
             The game lasted 00:02:39 (2392 turns).

Borgoz the Skirmisher (Ghoul Abyssal Knight)        Turns: 2392, Time: 00:02:39

Health: -1/38      AC:  3    Str: 20    XL:     4   Next: 1%
Magic:  4/4        EV: 12    Int:  7    God:    Lugonu [*.....]
Gold:   45         SH:  0    Dex:  9    Spells: 3/3 levels left

rFire    . . .     SeeInvis .     - Unarmed
rCold    + . .     Gourm    .   (no shield)
rNeg     + + +     Faith    .   a - +0 leather armour
rPois    ∞         Spirit   .   (no helmet)
rElec    .         Reflect  .   (no cloak)
rCorr    .         Harm     .   (no gloves)
MR       .....                  (no boots)
Stlth    +.........             (no amulet)
HPRegen  0.00/turn              (no ring)
MPRegen  0.09/turn              (no ring)

@: mighty, rotting
A: rotting body, claws 1, carnivore, cold resistance 1, negative energy
resistance 3, inhibited regeneration, torment resistance, unbreathing
a: Depart the Abyss, Renounce Religion


You were on level 3 of the Dungeon.
You worshipped Lugonu.
Lugonu was aware of your devotion.
You were not hungry.

You visited 1 branch of the dungeon, and saw 3 of its levels.
You visited the Abyss 1 time.

You collected 45 gold pieces.

Inventory:

Armour
 a - a +0 leather armour (worn)
Jewellery
 c - a +3 ring of slaying {unknown}
Scrolls
 d - a scroll of random uselessness {unknown}
 e - a scroll of blinking {unknown}
 f - a scroll of enchant armour {unknown}
 h - 2 scrolls of immolation {unknown}
 i - a scroll of remove curse {unknown}
 j - a scroll of fear {unknown}
 l - 4 scrolls of teleportation {unknown}
 n - a scroll of magic mapping {unknown}
 o - a scroll of identify {unknown}
Comestibles
 b - 3 rations


   Skills:
 + Level 3.5 Fighting
 * Level 2.4 Armour
 * Level 1.8 Dodging
 + Level 2.7 Unarmed Combat
 + Level 2.4 Invocations


You had 3 spell levels left.
You didn't know any spells.
Your spell library was empty.

Dungeon Overview and Level Annotations

Branches:
Dungeon (3/15)

Altars:
The Shining One

Annotations:
D:3 Gorglomux's ghost, weakling SpBe


Innate Abilities, Weirdness & Mutations

Your body is rotting away.
You thrive on raw meat.
You are immune to poison.
You have sharp fingernails.
You are carnivorous and can eat meat at any time.
Your flesh is cold resistant. (rC+)
You are immune to negative energy. (rN+++)
You do not regenerate when monsters are visible.
You are immune to unholy pain and torment.
You can survive without breathing.


Message History

Gorglomux's ghost misses you.
You completely miss Gorglomux's ghost.
Gorglomux's ghost is moderately damaged.
Gorglomux's ghost completely misses you.
You miss Gorglomux's ghost.
Gorglomux's ghost is moderately damaged.
Gorglomux's ghost whispers, "Soon you will have time, lots of time..."
Gorglomux's ghost hits you!
* * * LOW HITPOINT WARNING * * *
You closely miss Gorglomux's ghost. Your claw misses Gorglomux's ghost.
Gorglomux's ghost is moderately damaged.
Gorglomux's ghost hits you.
* * * LOW HITPOINT WARNING * * *
You closely miss Gorglomux's ghost.
Gorglomux's ghost is moderately damaged.
Gorglomux's ghost misses you.
You barely miss Gorglomux's ghost.
Gorglomux's ghost is moderately damaged.
Gorglomux's ghost hits you.
You die...

#.#.#.#.#.#
#.###.#.#.#.#.#
#.#...#.#.#.#(#
#.#.#.#.#.#.#.#
#...........#.#
....###.###....# # #.#
#.# #..###.#
#.###'###......#
#..@W_+....#####
########.#######..#...#
#.(....#.# ### #......#
.........#######......#
#......#..............#
..
############..........#
.. #..........# ..
######.###.#..
#.....#.#


You could see Gorglomux's ghost.

Vanquished Creatures
  2 adders (D:2)
  A worm (D:2)
  A dart slug (D:2)
  2 leopard geckos
  7 bats
  2 giant cockroaches
  4 goblins
  5 hobgoblins
  7 kobolds
  A frilled lizard (D:1)
  A rat (D:2)
33 creatures vanquished.

Notes
Turn   | Place    | Note
-------+----------+-------------------------------------------
     0 | Abyss:1  | Borgoz the Ghoul Abyssal Knight began the quest for the Orb.
     0 | Abyss:1  | Reached XP level 1. HP: 19/19 MP: 1/1
    80 | Abyss:1  | Noticed a bone dragon
    81 | D:1      | Escaped the Abyss
   109 | D:1      | Reached skill level 1 in Dodging
   431 | D:1      | Reached * piety under Lugonu
   431 | D:1      | Reached XP level 2. HP: 17/26 MP: 2/2
  1264 | D:2      | Reached XP level 3. HP: 26/29 MP: 3/3
  2313 | D:3      | Reached XP level 4. HP: 35/35 MP: 4/4
  2351 | D:3      | Found a glowing golden altar of the Shining One.
  2364 | D:3      | Noticed Gorglomux's ghost (weakling SpBe)
  2392 | D:3      | Slain by Gorglomux's ghost

Vault maps used:
D:1:      evilmike_arrival_hilbert_curve
D:3:      lemuel_doored_altar, minmay_tree_intersection, minivault_24,
          grunt_ashenzari_visionary
Abyss:1:  evilmike_abyss_exit_glass

Skill      XL: |  1  2 |
---------------+-------+-----
Dodging        | 1 |  1.8
Armour         | 2 |  2.4
Fighting       | |  3.5
Unarmed Combat | |  2.7
Invocations    | |  2.4

Action                   |  1- 3 |  4- 6 || total
-------------------------+-------+-------++-------
Melee: Unarmed           |   121 |    22 ||   143
Invok: Depart the Abyss  |     1 |       ||     1
  Use: Potion            |       |     4 ||     4
  Eat: Chunk             |     6 |       ||     6
Armor: Leather armour    |    22 |     1 ||    23
Dodge: Dodged            |    80 |     9 ||    89

Table legend:
 A = Spawn XP
 B = Non-spawn XP
 C = Spawn XP percentage of total XP
 D = Spawn monster count
 E = Non-spawn monster count
 F = Spawn count percentage of total count
 G = Total turns spent on level
                    A         B        C        D         E        F      G
               +---------+---------+-------+---------+---------+-------+---------
         Total |       0 |      83 |   0.0 |       0 |      33 |   0.0 |  2392
               +---------+---------+-------+---------+---------+-------+---------
           D:1 |       0 |      26 |   0.0 |       0 |      16 |   0.0 |   872
           D:2 |       0 |      55 |   0.0 |       0 |      16 |   0.0 |  1354
           D:3 |       0 |       2 |   0.0 |       0 |       1 |   0.0 |    85
               +---------+---------+-------+---------+---------+-------+---------
